 Dungeon Crawl Stone Soup version 0.31-a0-152-g6aa68a64a1 (webtiles) character file.

Game seed: 16212386528475159608

56 AiryTheDragon the Gusty (level 3, -1/27 HPs)
             Began as a Draconian Air Elementalist on June 11, 2023.
             Slain by a goblin
             ... wielding a +0 club
             ... led by Robin
              (4 damage)
             ... on level 2 of the Dungeon.
             The game lasted 00:09:02 (1429 turns).

AiryTheDragon the Gusty (DrAE)                      Turns: 1429, Time: 00:09:03

Health: -1/27      AC:  5    Str: 10    XL:     3   Next: 71%
Magic:  2/6        EV: 12    Int: 17    God:
Gold:   78         SH:  0    Dex: 11    Spells: 0/6 levels left

rFire   . . .        d - +0 hand axe
rCold   . . .        (no shield)
rNeg    . . .        (body armour unavailable)
rPois   .            (helmet restricted)
rElec   .            (no cloak)
rCorr   .            (no gloves)
SInv    +            (no boots)
Will    .....        (no amulet)
Stlth   ++           i - ring of see invisible
HPRegen 0.24/turn    (no ring)
MPRegen 0.10/turn

%: no passive effects
@: no status effects
A: AC +5, unfitting armour, cold-blooded
a: no special abilities


You were on level 2 of the Dungeon.
You visited 1 branch of the dungeon, and saw 2 of its levels.

You collected 78 gold pieces.

Inventory:

Hand Weapons
 c - a +0 dagger
 d - a +0 hand axe (weapon)
Jewellery
 i - a ring of see invisible (left hand)
Scrolls
 b - 2 scrolls of identify {unknown}
 e - 2 scrolls of immolation {unknown}
 h - a scroll of vulnerability {unknown}
 j - a scroll of acquirement {unknown}
 l - a scroll of blinking {unknown}
Potions
 a - a potion of magic
 f - a potion of degeneration {unknown}
 g - a potion of haste {unknown}
 k - a potion of heal wounds {unknown}
 m - a potion of curing {unknown}


   Skills:
 + Level 0.3 Fighting
 + Level 0.9 Axes
 + Level 2.3 Dodging
 + Level 2.0 Stealth
 + Level 0.2 Unarmed Combat
 + Level 2.2 Spellcasting
 + Level 1.4 Conjurations
 + Level 3.5 Air Magic


You couldn't memorise any spells.
You knew the following spells:

 Your Spells              Type           Power      Damage    Failure   Level
a - Shock                 Conj/Air       40%        1d5       7%          1
b - Static Discharge      Conj/Air       20%        2-3/arc   11%         2
c - Swiftness             Air            14%        N/A       13%         3

Your spell library contained the following spells:

 Spells                   Type           Power      Damage    Failure   Level
 Airstrike                Air            7%         2d(1-17)  41%         4


Dungeon Overview and Level Annotations

Branches:
Dungeon (2/15)

Altars:

Annotations:
D:2 Robin


Innate Abilities, Weirdness & Mutations

Your plain brown scales are hard. (AC +5)
You cannot fit into any form of body armour.
You are cold-blooded and may be slowed by cold attacks.


Message History

The goblin is severely wounded.
You hit the goblin.
You kill the goblin!
The goblin hits you with a +0 dagger.
You barely miss the goblin.
The goblin is severely wounded.
You closely miss the goblin. The goblin hits you with a +0 club.
The goblin hits you with a +0 dagger.
You hit the goblin.
You kill the goblin!
You closely miss the goblin. Robin throws the goblin at you!
The goblin barely misses you.
Okay, then.
Okay, then.
You are too injured to fight recklessly!
Casting: Shock (safe; 7% risk of failure)
Confirm with . or Enter, or press ? or * to list all spells.
Aiming: Shock (safe; 7% risk of failure)
Press: ? - help, Shift-Dir - straight line The zap hits the goblin.
The goblin is heavily wounded.
The zap misses Robin.
The zap hits Robin.
Robin is moderately wounded.
The goblin misses you. The goblin hits you with a +0 club.
Casting: Shock (safe; 7% risk of failure)
Confirm with . or Enter, or press ? or * to list all spells.
Aiming: Shock (safe; 7% risk of failure)
Press: ? - help, Shift-Dir - straight line The zap hits the goblin.
You kill the goblin!
The zap hits Robin.
Robin is heavily wounded.
The goblin hits you with a +0 club.
* * * LOW HITPOINT WARNING * * *
You barely miss the goblin.
A goblin comes into view. It is wielding a +0 club.
The goblin hits you with a +0 club.
* * * LOW HITPOINT WARNING * * *
The goblin hits you with a +0 club.
You die...

#####.........##†#
#...########.##
#...# #†.# #...#
##.# #.# #.# ##..
#.###....#
#####..gg.gg..
#@g.g).##.g.g#
#g####.# #g# ....
#.# ###.#. #.#
#......# #.. ..##
#.. ..# #... ..


You could see Robin, 2 hobgoblins and 2 goblins.

Vanquished Creatures
  A worm (D:2)
  A dart slug (D:1)
  A bat (D:1)
  2 endoplasms (D:1)
  A giant cockroach (D:1)
  6 goblins (D:2)
  9 hobgoblins
  8 jackals (D:1)
  4 ball pythons
  4 frilled lizards
  3 kobolds
  5 rats
45 creatures vanquished.

Notes
Turn   | Place    | Note
-------+----------+-------------------------------------------
     0 | D:1      | AiryTheDragon the Draconian Air Elementalist began the
                  | quest for the Orb.
     0 | D:1      | Reached XP level 1. HP: 14/14 MP: 3/3
   290 | D:1      | Reached XP level 2. HP: 19/20 MP: 1/5
   908 | D:1      | Reached XP level 3. HP: 26/26 MP: 6/6
  1082 | D:1      | Learned a level 2 spell: Static Discharge
  1086 | D:1      | Learned a level 3 spell: Swiftness
  1411 | D:2      | Noticed Robin
  1429 | D:2      | Slain by a goblin

Illustrated notes

Levels and vault maps discovered:
D:1:      shiori_arrival_maze, layout_basic, grunt_decor_arrowhead,
          minmay_tromino_mix6
D:2:      layout_loops_cross, minmay_small_reverse_x, uniq_robin

Skill      XL: |  1  2  3 |
---------------+----------+-----
Dodging        | 2 |  2.3
Stealth        | 2 |  2.0
Fighting       | |  0.3
Axes           | |  0.9
Unarmed Combat | |  0.2
Spellcasting   | |  2.2
Conjurations   | |  1.4
Air Magic      | |  3.5

Action                     || total
---------------------------++-------
  Melee: Unarmed           ||    14
         Tailslap          ||     9
         Dagger            ||     3
         Hand axe          ||    32
         Punch             ||     1
   Cast: Shock             ||    52
   Stab: Sleeping          ||     1
 Armour: Skin              ||    22
  Dodge: Dodged            ||    55

Table legend: (Time is in decaauts)
 A = Elapsed time spent in this place.
 B = Non-inter-level travel time spent in this place.
 C = Inter-level travel time spent in this place.
 D = Time resting spent in this place.
 E = Time spent auto-exploring this place.
 F = Levels seen in this place.
 G = Mean time per level.
                   A        B        C        D        E       F      G
               +--------+--------+--------+--------+--------+-----+--------+
         Total |   1436 |   1436 |      0 |      0 |   1213 |   2 |  718.0 |
       Dungeon |   1436 |   1436 |      0 |      0 |   1213 |   2 |  718.0 |
               +--------+--------+--------+--------+--------+-----+--------+

Top non-repeatable levels by time:
     D:1: 1119 daAuts
     D:2: 316 daAuts
